 Dungeon Crawl Stone Soup version 0.21.1-1-g345015f (webtiles) character file.

28 Amnesiac the Grave Robber (level 2, 0/21 HPs)
             Began as a Mummy Necromancer on Mar 13, 2018.
             Slain by a gnoll
             ... wielding a +0 whip
              (4 damage)
             ... on level 1 of the Dungeon.
             The game lasted 00:01:24 (938 turns).

Amnesiac the Grave Robber (Mummy Necromancer)        Turns: 938, Time: 00:01:24

Health: 0/21       AC:  2    Str: 11    XL:     2   Next: 96%
Magic:  0/6        EV: 12    Int: 14    God:
Gold:   69         SH:  0    Dex: 12    Spells: 6/7 levels left

rFire    x . .     SeeInvis .   (no weapon)
rCold    + . .     Gourm    .   (no shield)
rNeg     + + +     Faith    .   d - +0 robe (curse)
rPois    ∞         Spirit   .   (no helmet)
rElec    .         Reflect  .   (no cloak)
rCorr    .         Harm     .   (no gloves)
MR       .....                  (no boots)
Stlth    ++........             (no amulet)
HPRegen  0.07/turn              (no ring)
MPRegen  0.10/turn              (no ring)

@: no status effects
A: no food or potions, fire vulnerability, cold resistance 1, negative energy
resistance 3, torment resistance, unbreathing
a: no special abilities


You were on level 1 of the Dungeon.
You were not hungry.

You visited 1 branch of the dungeon, and saw 2 of its levels.

You collected 69 gold pieces.

Inventory:

Missiles
 c - 61 stones (quivered)
 e - 10 sling bullets
Armour
 a - a +0 robe
 d - a cursed +0 robe (worn)
Scrolls
 f - 3 scrolls of identify {!r, unknown}
 g - a scroll of teleportation {!r, unknown}
 h - a scroll of noise {!r, unknown}
 i - a scroll of remove curse {!r, unknown}
 j - a scroll of fog {!r, unknown}
 k - a scroll of immolation {!r, unknown}
Books
 b - a book of Necromancy

   Spells                             Type                      Level
   a - Pain                           Necromancy                   1
   b - Animate Skeleton               Necromancy                   1
   c - Vampiric Draining              Necromancy                   3
   d - Regeneration                   Charms/Necromancy            3
   e - Animate Dead                   Necromancy                   4
   f - Borgnjor's Vile Clutch         Necromancy/Earth             5


   Skills:
 + Level 1.1 Fighting
 - Level 1.5 Dodging
 - Level 1.5 Stealth
 + Level 3.1 Spellcasting
 * Level 4.5 Necromancy


You had 6 spell levels left.
You knew the following spells:

 Your Spells              Type           Power        Failure   Level  Hunger
a - Pain                  Necr           ##..         3%          1    N/A

Dungeon Overview and Level Annotations

Branches:
Dungeon (2/15)

Altars:
Dithmenos
Vehumet

Annotations:
D:2 2 transporters


Innate Abilities, Weirdness & Mutations

You do not eat or drink.
Your flesh is vulnerable to fire.
You are immune to poison.
Your flesh is cold resistant. (rC+)
You are immune to negative energy. (rN+++)
You are immune to unholy pain and torment.
You can survive without breathing.


Message History

You don't have enough magic to cast that spell.
Casting: Pain
Confirm with . or Enter, or press ? or * to list all spells.
Aiming: Pain
Press: ? - help, Shift-Dir - straight line, f/p - gnoll
Aim: a gnoll, wielding a whip (severely wounded, chance to defeat MR: 79%)
The gnoll barely resists.
The gnoll hits you with a whip.
* * * LOW HITPOINT WARNING * * *
Casting: Pain
Confirm with . or Enter, or press ? or * to list all spells.
Aiming: Pain
Press: ? - help, Shift-Dir - straight line, f/p - gnoll
Aim: a gnoll, wielding a whip (severely wounded, chance to defeat MR: 79%)
The gnoll writhes in agony!
The gnoll closely misses you.
Casting: Pain
Confirm with . or Enter, or press ? or * to list all spells.
You don't have enough magic to cast that spell.
Casting: Pain
Confirm with . or Enter, or press ? or * to list all spells.
You don't have enough magic to cast that spell.
Casting: Pain
Confirm with . or Enter, or press ? or * to list all spells.
You don't have enough magic to cast that spell.
Casting: Pain
Confirm with . or Enter, or press ? or * to list all spells.
You don't have enough magic to cast that spell.
Casting: Pain
Confirm with . or Enter, or press ? or * to list all spells.
You don't have enough magic to cast that spell.
Casting: Pain
Confirm with . or Enter, or press ? or * to list all spells.
Aiming: Pain
Press: ? - help, Shift-Dir - straight line, f/p - gnoll
Aim: a gnoll, wielding a whip (severely wounded, chance to defeat MR: 79%)
The gnoll barely resists.
The gnoll hits you with a whip.
* * * LOW HITPOINT WARNING * * *
Casting: Pain
Confirm with . or Enter, or press ? or * to list all spells.
You don't have enough magic to cast that spell.
Casting: Pain
Confirm with . or Enter, or press ? or * to list all spells.
You don't have enough magic to cast that spell.
Casting: Pain
Confirm with . or Enter, or press ? or * to list all spells.
You don't have enough magic to cast that spell.
Casting: Pain
Confirm with . or Enter, or press ? or * to list all spells.
You don't have enough magic to cast that spell.
Casting: Pain
Confirm with . or Enter, or press ? or * to list all spells.
You don't have enough magic to cast that spell.
Casting: Pain
Confirm with . or Enter, or press ? or * to list all spells.
You don't have enough magic to cast that spell.
Casting: Pain
Confirm with . or Enter, or press ? or * to list all spells.
You don't have enough magic to cast that spell.
Casting: Pain
Confirm with . or Enter, or press ? or * to list all spells.
Aiming: Pain
Press: ? - help, Shift-Dir - straight line, f/p - gnoll
Aim: a gnoll, wielding a whip (severely wounded, chance to defeat MR: 79%)
The gnoll writhes in agony!
The gnoll hits you with a whip.
You die...

...# #.......# ...#
#.......#
...############.......#
.............##.......#
############..........#
## ###........# .##
#........#
..############..g.....#
#.##............@....##
.....####....).......#
.....................#
...#####.#####......##
##.......# #####.######
.....#.### #..........#
###.#..# #..........#
......## #..........#
.#....# ###..........#


You could see a gnoll.

Vanquished Creatures
  An adder (D:2)
  A dart slug (D:2)
  4 bats
  A giant cockroach (D:2)
  4 goblins
  3 kobolds
  3 rats
17 creatures vanquished.

Notes
Turn   | Place    | Note
-------+----------+-------------------------------------------
     0 | D:1      | Amnesiac the Mummy Necromancer began the quest for the Orb.
     0 | D:1      | Reached XP level 1. HP: 13/13 MP: 4/4
   158 | D:1      | Reached XP level 2. HP: 10/20 MP: 0/5
   559 | D:2      | Noticed a sky beast
   571 | D:2      | Reached skill level 1 in Fighting
   689 | D:2      | Found a transporter.
   689 | D:2      | Found a transporter.
   699 | D:2      | Found a radiant altar of Vehumet.
   705 | D:2      | Found a shadowy altar of Dithmenos.
   938 | D:1      | Slain by a gnoll

Skill      XL: |  1  2 |
---------------+-------+-----
Spellcasting   | 3 |  3.1
Fighting       | 1 |  1.1
Dodging        | |  1.5
Stealth        | |  1.5
Necromancy     | |  4.5

Action                   || total
-------------------------++-------
Melee: Unarmed           ||     2
 Cast: Pain              ||    49
Armor: Robe              ||     3
Dodge: Dodged            ||    24
